 Dungeon Crawl Stone Soup version 0.20.1-1-g8b1a95d (webtiles) character file.

139986 dvd the Severer (level 16, -2/151 HPs)
             Began as a Minotaur Gladiator on Oct 12, 2017.
             Was the Champion of Okawaru.
             Killed from afar by an efreet (6 damage)
             ... with a fireball
             ... on level 3 of the Abyss on Oct 13, 2017.
             The game lasted 01:42:35 (30214 turns).

dvd the Severer (Minotaur Gladiator)               Turns: 30214, Time: 01:42:36

Health: -2/151     AC: 25    Str: 24    XL:     16   Next: 74%
Magic:  16/16      EV: 15    Int: 14    God:    Okawaru [******]
Gold:   2602       SH:  5    Dex: 13    Spells: 15/15 levels left

rFire    + . .     SeeInvis .   a - +7 executioner's axe of Wariness {flame, +Inv}
rCold    + + .     Gourm    .   (shield currently unavailable)
rNeg     + . .     Faith    .   m - +2 storm dragon scales
rPois    +         Spirit   .   s - +2 hat
rElec    +         Reflect  +   x - scarf {rC+ rF+}
rCorr    .         Harm     .   l - +2 pair of gloves {Str+3}
MR       +....                  k - +1 pair of boots
Stlth    ..........             i - +5 amulet of reflection
Regen    0.4/turn               Z - ring of Tiaw {rC+ rN+ Int+5 Dex-4}
MPRegen  0.2/turn               P - ring of poison resistance

@: no status effects
A: retaliatory headbutt, horns 2, repulsion field 1, clever 2
a: Heroism, Finesse, Renounce Religion, Evoke Invisibility


You were on level 3 of the Abyss.
You worshipped Okawaru.
Okawaru was exalted by your worship.
You were not hungry.

You visited 5 branches of the dungeon, and saw 27 of its levels.
You visited the Abyss 1 time.
You also visited: Labyrinth.

You collected 2602 gold pieces.

Inventory:

Hand Weapons
 a - the +7 executioner's axe of Wariness (weapon) {flame, +Inv}
   (Okawaru gifted it to you on level 14 of the Dungeon)

   It has been specially enchanted to burn those struck by it, causing extra
   injury to most foes and up to half again as much damage against particularly
   susceptible opponents.
   Big, fiery blades are also staple armaments of hydra-hunters.
   It lets you turn invisible.
 b - the +2 longbow "Jumibb" {velocity, Str+3 Int+4 Dex+3}
   (Okawaru gifted it to you on level 12 of the Dungeon)

   Any arrow fired from it inflicts extra damage.
   It affects your strength (+3).
   It affects your intelligence (+4).
   It affects your dexterity (+3).
 c - the +6 dire flail "Ycroywuh" {freeze, -Tele rC+ Dex+4}
   (Okawaru gifted it to you on level 5 of the Lair of Beasts)

   It has been specially enchanted to freeze those struck by it, causing extra
   injury to most foes and up to half again as much damage against particularly
   susceptible opponents.
   It can also slow down cold-blooded creatures.
   It affects your dexterity (+4).
   It protects you from cold.
   It prevents most forms of teleportation.
 d - the +5 great mace of the Present {speed, rPois Int+5 Dex-4}
   (Okawaru gifted it to you on level 1 of the Swamp)

   Attacks with this weapon are significantly faster.
   It affects your intelligence (+5).
   It affects your dexterity (-4).
   It protects you from poison.
 A - the +5 broad axe of Stickiness {antimagic, Int+4 Dex+2 SInv Stlth+}
   (Okawaru gifted it to you on level 2 of the Orcish Mines)

   It reduces the magical energy of the wielder, and disrupts the spells and
   magical abilities of those hit.
   Natural abilities and divine invocations are not affected.
   It affects your intelligence (+4).
   It affects your dexterity (+2).
   It lets you see invisible.
   It makes you more stealthy.
 D - a +1 battleaxe of electrocution
 O - a +1 executioner's axe of freezing
Missiles
 j - 8 tomahawks of returning
 L - 2 javelins of penetration
 M - 650 arrows
 R - 9 poisoned javelins (quivered)
 W - 10 steel javelins
 Y - 7 silver javelins
Armour
 k - a +1 pair of boots (worn)
 l - a +2 pair of gloves of strength (worn)
 m - +2 storm dragon scales (worn)
 s - a +2 hat (worn)
 v - the +2 shield of Resistance {rF+ rC+ MR+}
   (You found it on level 10 of the Dungeon)

   It protects you from fire.
   It protects you from cold.
   It affects your resistance to hostile enchantments.
 x - a scarf of resistance (worn)
 C - +0 swamp dragon scales
 K - a +4 ring mail of fire resistance
 N - the scarf of Imuneciv {+Fly rElec MR+ Slay+2}
   (Okawaru gifted it to you on level 11 of the Dungeon)

   It affects your accuracy and damage with ranged weapons and melee attacks
   (+2).
   It insulates you from electricity.
   It affects your resistance to hostile enchantments.
   It lets you fly.
Jewellery
 i - a +5 amulet of reflection (around neck)
 P - a ring of poison resistance (right hand)
 T - a +6 ring of evasion
 X - an uncursed ring of resist corrosion
 Z - the ring of Tiaw (left hand) {rC+ rN+ Int+5 Dex-4}
   (You found it in a labyrinth)

   [ring of positive energy]

   It affects your intelligence (+5).
   It affects your dexterity (-4).
   It protects you from cold.
   It protects you from negative energy.
Wands
 g - a wand of acid (9/15)
 y - a wand of disintegration (13/24)
 G - a wand of acid (7/15)
Scrolls
 e - 9 scrolls of teleportation
 w - 3 scrolls of magic mapping
 z - 10 scrolls of recharging
 B - 4 scrolls of remove curse
 F - 5 scrolls of identify
 J - 2 scrolls of fog
 S - a scroll of blinking
Potions
 h - 11 potions of curing
 q - a potion of agility
 r - a potion of invisibility
 H - a potion of brilliance
 I - 4 potions of mutation
 Q - 3 potions of might
 U - 5 potions of flight
 V - a potion of berserk rage
Books
 n - a book of Air

   Spells                             Type                      Level
   a - Shock                          Conjuration/Air              1
   b - Swiftness                      Charms/Air                   2
   c - Static Discharge               Conjuration/Air              3
   d - Airstrike                      Air                          4
   e - Lightning Bolt                 Conjuration/Air              5
 u - a book of Enchantments

   Spells                             Type                      Level
   a - Cause Fear                     Hexes                        4
   b - Yara's Violent Unravelling     Hexes/Transmutation          5
   c - Silence                        Hexes/Air                    5
   d - Deflect Missiles               Charms/Air                   6
   e - Discord                        Hexes                        8
 E - a book of the Sky

   Spells                             Type                      Level
   a - Summon Lightning Spire         Summoning/Air                4
   b - Silence                        Hexes/Air                    5
   c - Deflect Missiles               Charms/Air                   6
   d - Conjure Ball Lightning         Conjuration/Air              6
   e - Tornado                        Air                          9
Comestibles
 f - 9 bread rations
 o - 7 meat rations
 p - 14 royal jellies
 t - 38 fruits


   Skills:
 + Level 15.8 Fighting
 + Level 20.0(20.6) Axes
 + Level 9.7(16.0) Maces & Flails
   Level 0.8(13.6) Polearms
 + Level 13.1 Bows
 + Level 5.9 Throwing
 + Level 11.7 Armour
 + Level 9.8 Dodging
 + Level 4.0 Stealth
 + Level 3.1 Shields
 + Level 2.6 Invocations


You had 15 spell levels left.
You didn't know any spells.

Dungeon Overview and Level Annotations

Branches:
Dungeon (14/15)            Temple (1/1) D:4            Lair (6/6) D:9
  Swamp (4/4) Lair:2       Spider (0/4) Lair:4        Slime (0/5) Lair:5
    Orc (2/2) D:10            Elf (0/3) Orc:2        Vaults (0/5) D:14

Altars:
Ashenzari
Cheibriados
Dithmenos
Elyvilon
Fedhas
Gozag
Hepliaklqana
Kikubaaqudgha
Makhleb
Nemelex Xobeh
Okawaru
Qazlal
Ru
Sif Muna
Trog
Uskayaw
Vehumet
Xom
Yredelemnul
Zin
The Shining One

Shops:
D:6 ?   D:10 %   D:12 [*%[   D:13 %   Orc:2 :[=}

Annotations:
Lair:1 Nergalle
Swamp:4 Louise


Innate Abilities, Weirdness & Mutations

You reflexively headbutt those who attack you in melee.
You have a pair of horns on your head.
You are surrounded by a mild repulsion field. (EV +2)
Your mind is very acute. (Int +4)


Message History

Unknown command.
You feel better. The efreet gestures at you.
The fireball explodes!
The fireball engulfs you! You resist.
* * * LOW HITPOINT WARNING * * *
The fireball engulfs the efreet.
The efreet completely resists.
You hear a bark!
Unknown command.
Unknown command.
Press: ? - help, v - describe, . - travel, g - get item
Here: an efreet, wielding a scimitar of flaming (severely wounded)
A poisoned javelin.
The floor, spattered with blood.
Unknown command.
Your storm dragon scales prevents you from hitting the efreet.
Your headbutt misses the efreet.
The efreet is severely wounded.
The efreet gestures at you.
The fireball explodes!
The fireball engulfs you! You resist.
You die...

# . . ## # .
. .. # # .
.. #####. .
# #w #ยง#@#
. #...(.R)#
.##.###(#.##
.### # # #
.. . .. . #
. . # #


You could see an efreet.

Vanquished Creatures
  A tentacled starspawn (Abyss:3)
  A thorn hunter (Swamp:2)
  A deep elf sorcerer (Abyss:3)
  The ghost of p0werm0de the Warrior, a journeyman MiBe of Trog (Swamp:2)
  The ghost of Atash the Severer, a journeyman MiBe of Trog (Lair:4)
  Josephine (Lair:4)
  2 fire dragons (D:10)
  A minotaur (Lab)
  4 vault guards (D:14)
  Erolcha (D:10)
  19 hydras
  2 ice dragons (D:10)
  2 centaur warriors
  3 catoblepae
  16 alligators
  8 two-headed ogres
  An orc high priest (Orc:1)
  3 spriggan druids
  An unseen horror (D:13)
  4 starcursed masses (Abyss:3)
  15 swamp dragons
  4 orc knights (Orc:2)
  2 shambling mangroves
  3 orc sorcerers
  An orb spider (Lair:4)
  2 deep elf magi
  9 ugly things
  An oklob plant (Lair:4)
  2 cyclopes
  An elephant (shapeshifter) (D:13)
  4 manticores
  2 rust devils (D:7)
  4 black mambas
  4 torpor snails (Lair:1)
  16 spiny frogs
  A centaur skeleton (D:14)
  A gargoyle (D:14)
  A smoke demon (Abyss:3)
  11 komodo dragons
  5 rime drakes
  2 kobold demonologists (D:11)
  An ancient zyme (Abyss:3)
  9 hornets
  A troll (D:13)
  5 polar bears
  A harpy skeleton (D:14)
  3 raiju (Abyss:3)
  7 tyrant leeches
  4 blink frogs (Lair:5)
  16 slime creatures
  7 hippogriffs
  6 bog bodies
  11 dream sheep
  2 small abominations (Abyss:3)
  Sigmund (D:2)
  3 shadows
  18 spriggans
  7 wyverns
  4 wraiths (Lair:4)
  4 redbacks (Lab)
  44 yaks
  3 basilisks
  Grum (D:8)
  A neqoxec (Abyss:3)
  A hungry ghost (D:14)
  37 vampire mosquitoes
  12 swamp worms
  2 wargs (Orc:2)
  20 insubstantial wisps
  2 acid dragons (D:13)
  6 porcupines
  6 water moccasins
  2 hell hounds (D:9)
  14 swamp drakes
  5 large abominations (Abyss:3)
  A hornet zombie (D:8)
  4 ice beasts
  6 sky beasts
  4 black bears
  An eye of draining (Abyss:3)
  40 orc warriors
  7 boggarts
  A necrophage (D:8)
  8 ogres
  3 phantoms
  38 wolves
  20 centaurs
  11 crocodiles
  6 big kobolds
  Blork the orc (D:4)
  23 bullfrogs
  A gnoll sergeant (Orc:1)
  A wyvern zombie (D:8)
  2 wyvern skeletons
  A scorpion (Lair:3)
  14 wights
  2 howler monkeys (D:12)
  An electric eel (Lair:1)
  3 centaur zombies
  2 quasits
  2 bullfrog zombies
  6 crimson imps
  4 jellies
  20 orc priests
  7 hounds
  27 orc wizards
  Crazy Yiuf (D:6)
  3 bullfrog skeletons
  6 iguanas
  2 gnoll shamans
  8 worker ants
  2 killer bee zombies (D:8)
  2 hound zombies
  2 hound skeletons
  A howler monkey zombie (D:11)
  3 worker ant zombies
  15 adders
  17 gnolls
  3 shadow imps
  A white imp (Abyss:3)
  4 oozes
  2 adder skeletons (D:4)
  An adder zombie (D:5)
  3 worms
  A dart slug (D:1)
  9 leopard geckos
  89 orcs
  2 ball pythons
  12 bats
  8 giant cockroaches
  8 goblins
  9 hobgoblins
  14 jackals
  7 quokkas
  3 frilled lizards
  A jackal skeleton (D:3)
  A jackal zombie (D:6)
  23 kobolds
  2 leopard gecko zombies
  A quokka skeleton (D:7)
  9 rats
  2 fungi
  A plant (Lair:1)
975 creatures vanquished.

Vanquished Creatures (others)
  2 hornets (Swamp:4)
  A centaur (Orc:2)
  A small abomination (Abyss:3)
  An orc (Orc:2)
  6 fungi
  2 plants
  2 starspawn tentacles (Abyss:3)
15 creatures vanquished.

Grand Total: 990 creatures vanquished

Notes
Turn   | Place    | Note
-------+----------+-------------------------------------------
     0 | D:1      | dvd the Minotaur Gladiator began the quest for the Orb.
     0 | D:1      | Reached XP level 1. HP: 18/18 MP: 0/0
   301 | D:1      | Reached XP level 2. HP: 25/25 MP: 1/1
   316 | D:1      | Reached skill level 4 in Axes
   730 | D:1      | Reached XP level 3. HP: 30/30 MP: 2/2
  1206 | D:2      | Noticed Sigmund
  1336 | D:2      | Reached skill level 1 in Armour
  1621 | D:2      | Reached XP level 4. HP: 37/37 MP: 3/3
  2067 | D:3      | Reached skill level 5 in Axes
  2138 | D:3      | Found a glowing golden altar of the Shining One.
  2140 | D:3      | Found a bloodstained altar of Trog.
  2183 | D:3      | Found a snail-covered altar of Cheibriados.
  2247 | D:3      | Reached XP level 5. HP: 33/45 MP: 4/4
  2762 | D:4      | Found a sacrificial altar of Ru.
  2763 | D:4      | Noticed Blork the orc
  2772 | D:4      | Killed Blork the orc
  2772 | D:4      | Reached skill level 6 in Axes
  2792 | D:4      | Found a staircase to the Ecumenical Temple.
  2792 | D:4      | Noticed a phantom
  2795 | D:4      | Reached XP level 6. HP: 29/51 MP: 5/5
  2820 | Temple   | Entered the Ecumenical Temple
  2880 | Temple   | Became a worshipper of Warmaster Okawaru
  3385 | D:4      | Reached skill level 7 in Axes
  3391 | D:4      | Reached XP level 7. HP: 18/59 MP: 6/6
  3640 | D:4      | Reached skill level 1 in Stealth
  4081 | D:4      | Found an iron altar of Okawaru.
  4178 | D:4      | Reached skill level 8 in Axes
  4387 | D:5      | Entered Level 5 of the Dungeon
  4605 | D:5      | Reached * piety under Okawaru
  5403 | D:6      | Found a burning altar of Makhleb.
  5513 | D:6      | Reached XP level 8. HP: 67/67 MP: 7/7
  5546 | D:6      | Reached skill level 9 in Axes
  5821 | D:6      | Reached skill level 5 in Armour
  5919 | D:6      | Found a glowing silver altar of Zin.
  5960 | D:6      | Found Loteot's Magic Scroll Shoppe.
  6323 | D:6      | Reached skill level 5 in Fighting
  6465 | D:6      | Found a runed door.
  6469 | D:6      | Noticed Crazy Yiuf
  6473 | D:6      | Killed Crazy Yiuf
  6655 | D:7      | Reached skill level 10 in Axes
  6659 | D:7      | Gained mutation: You have a pair of large horns on your head. [mutagenic meat]
  6660 | D:7      | Gained mutation: You are weak. (Str -2) [mutagenic meat]
  6662 | D:7      | Gained mutation: You are very weak. (Str -4) [mutagenic meat]
  6663 | D:7      | Gained mutation: Your mind is acute. (Int +2) [mutagenic meat]
  6664 | D:7      | Gained mutation: Armour fits poorly on your strangely shaped body. [mutagenic meat]
  6668 | D:7      | Lost mutation: Armour fits poorly on your strangely shaped body. [potion of mutation]
  6668 | D:7      | Lost mutation: You have a pair of large horns on your head. [potion of mutation]
  6668 | D:7      | Lost mutation: You are very weak. (Str -4) [potion of mutation]
  6668 | D:7      | Lost mutation: You are weak. (Str -2) [potion of mutation]
  6668 | D:7      | Gained mutation: You are surrounded by a mild repulsion field. (EV +2) [potion of mutation]
  6668 | D:7      | Gained mutation: Your mind is very acute. (Int +4) [potion of mutation]
  6960 | D:7      | Reached ** piety under Okawaru
  7281 | D:8      | Found a shattered altar of Ashenzari.
  7366 | D:8      | Reached XP level 9. HP: 69/75 MP: 8/8
  7408 | D:8      | Noticed Grum
  7414 | D:8      | Reached skill level 11 in Axes
  7444 | D:8      | Killed Grum
  7444 | D:8      | Reached skill level 5 in Dodging
  7704 | D:8      | Reached *** piety under Okawaru
  8347 | D:8      | Reached skill level 1 in Maces & Flails
  8385 | D:8      | Noticed a two-headed ogre
  8394 | D:8      | Killed a two-headed ogre
  8394 | D:8      | Reached skill level 12 in Axes
  8394 | D:8      | Reached XP level 10. HP: 72/88 MP: 6/9
  8463 | D:8      | Reached **** piety under Okawaru
  8653 | D:8      | Noticed a three-headed hydra
  8657 | D:8      | Killed a one-headed hydra
  8657 | D:8      | Reached skill level 1 in Invocations
  8764 | D:8      | Found a sparkling altar of Nemelex Xobeh.
  8922 | D:9      | Found a blossoming altar of Fedhas.
  8987 | D:9      | Received a gift from Okawaru
  8987 | D:9      | Reached skill level 13 in Axes
  9180 | D:9      | Found a staircase to the Lair.
  9233 | D:9      | Found an ancient bone altar of Kikubaaqudgha.
  9577 | D:10     | Entered Level 10 of the Dungeon
  9589 | D:10     | You fall through a shaft for 3 floors!
  9589 | D:13     | Noticed a manticore
  9788 | D:13     | Reached ***** piety under Okawaru
  9922 | D:12     | Received a gift from Okawaru
  9924 | D:12     | Reached XP level 11. HP: 42/97 MP: 7/10
 10085 | D:12     | Got a scorched longbow {god gift}
 10086 | D:12     | Identified the +2 longbow "Jumibb" {velocity, Str+3 Int+4 Dex+3} (Okawaru gifted it to you on level 12 of the Dungeon)
 10512 | D:10     | Noticed a two-headed ogre
 10515 | D:10     | Noticed a two-headed ogre
 10516 | D:10     | Killed a two-headed ogre
 10534 | D:10     | Killed a two-headed ogre
 10701 | D:11     | Got a faintly glowing rapier
 10702 | D:11     | Identified the +6 rapier of the Madman {flame, +Rage rElec Str+3 Int-2} (You found it on level 11 of the Dungeon)
 10724 | D:11     | Reached skill level 14 in Axes
 10758 | D:11     | Received a gift from Okawaru
 10770 | D:11     | Got a shimmering scarf {god gift}
 10781 | D:11     | Identified the scarf of Imuneciv {+Fly rElec MR+ Slay+2} (Okawaru gifted it to you on level 11 of the Dungeon)
 10809 | D:11     | Noticed a cyan ugly thing
 10821 | D:11     | Killed a cyan ugly thing
 10821 | D:11     | Reached skill level 5 in Maces & Flails
 10903 | D:11     | Noticed a white ugly thing
 10912 | D:11     | Killed a white ugly thing
 10912 | D:11     | Reached skill level 1 in Bows
 10944 | D:11     | Noticed a brown ugly thing
 10955 | D:11     | Killed a brown ugly thing
 11328 | D:10     | Noticed Erolcha
 11380 | D:10     | Noticed a two-headed ogre
 11387 | D:10     | Killed a two-headed ogre
 11387 | D:10     | Reached skill level 10 in Fighting
 11481 | D:10     | Found Qaotel's Food Shop.
 11567 | D:10     | Found a staircase to the Orcish Mines.
 11614 | D:10     | Noticed a two-headed ogre
 11650 | D:10     | Killed Erolcha
 11667 | D:10     | Noticed an ice dragon
 11671 | D:10     | Noticed a fire dragon
 11683 | D:10     | Noticed an ice dragon
 11685 | D:10     | Found a runed door.
 11685 | D:10     | Found a runed door.
 11686 | D:10     | Noticed a fire dragon
 12020 | D:10     | Killed a two-headed ogre
 12224 | D:7      | Reached skill level 5 in Bows
 12224 | D:7      | Reached XP level 12. HP: 99/107 MP: 10/12
 12345 | Lair:1   | Entered Level 1 of the Lair of Beasts
 12386 | Lair:1   | Noticed Nergalle
 12894 | Lair:1   | Received a gift from Okawaru
 13319 | Lair:1   | Found a snail-covered altar of Cheibriados.
 13895 | Lair:1   | Noticed a four-headed hydra
 13899 | Lair:1   | Killed a four-headed hydra
 13952 | Lair:2   | Found a staircase to the Swamp.
 14060 | Lair:2   | Reached skill level 15 in Axes
 14991 | Lair:3   | Reached XP level 13. HP: 96/117 MP: 13/13
 15200 | Lair:3   | Received a gift from Okawaru
 15751 | Lair:4   | Noticed Josephine
 15767 | Lair:4   | Killed Josephine
 15893 | Lair:4   | Found a hole to the Spider Nest.
 15900 | Lair:4   | Noticed Atash's ghost (journeyman MiBe)
 15920 | Lair:4   | Killed Atash's ghost
 16031 | Lair:4   | Received a gift from Okawaru
 16641 | Lair:5   | Received a gift from Okawaru
 16650 | Lair:5   | Got an ivory dire flail {god gift}
 16651 | Lair:5   | Identified the +6 dire flail "Ycroywuh" {freeze, -Tele rC+ Dex+4} (Okawaru gifted it to you on level 5 of the Lair of Beasts)
 16886 | Lair:5   | Reached skill level 10 in Bows
 16920 | Lair:5   | Found a staircase to the Slime Pits.
 16998 | Lair:5   | Got a transparent trident
 16999 | Lair:5   | Identified the +4 trident of the Mind {freeze, Dex+5 Stlth-} (You found it on level 5 of the Lair of Beasts)
 17245 | Lair:6   | Entered Level 6 of the Lair of Beasts
 17390 | Lair:6   | Reached skill level 5 in Throwing
 17508 | Lair:6   | Found a deep blue altar of Sif Muna.
 17707 | Lair:6   | Received a gift from Okawaru
 17950 | Lair:6   | Reached ****** piety under Okawaru
 17950 | Lair:6   | Reached skill level 16 in Axes
 18038 | Lair:6   | Reached XP level 14. HP: 125/127 MP: 11/14
 18162 | Lair:6   | Received a gift from Okawaru
 18196 | Lair:6   | Received a gift from Okawaru
 19112 | Orc:1    | Entered Level 1 of the Orcish Mines
 19783 | Orc:2    | Entered Level 2 of the Orcish Mines
 19803 | Orc:2    | Received a gift from Okawaru
 19909 | Orc:2    | Found a labyrinth entrance.
 19956 | Lab      | Entered a labyrinth
 20351 | Lab      | Found an exit through the horrors of the Abyss.
 21126 | Lab      | Got an ancient golden ring
 21138 | Lab      | Got a slimy hand axe
 21139 | Lab      | Identified the ring of Tiaw {rC+ rN+ Int+5 Dex-4} (You found it in a labyrinth)
 21142 | Lab      | Identified the cursed +1 hand axe of Vaurecw {chop, MR- Dex+6} (You found it in a labyrinth)
 21416 | Orc:2    | Reached skill level 17 in Axes
 21662 | Orc:2    | Found a staircase to the Elven Halls.
 21871 | Orc:2    | Received a gift from Okawaru
 22175 | Orc:2    | Found Noorag's Armour Boutique.
 22175 | Orc:2    | Found Ismol's Jewellery Emporium.
 22178 | Orc:2    | Found Osot's Gadget Shoppe.
 22180 | Orc:2    | Found Wismi's Book Shop.
 22233 | Orc:2    | Got a crystal broad axe {god gift}
 22234 | Orc:2    | Identified the +5 broad axe of Stickiness {antimagic, Int+4 Dex+2 SInv Stlth+} (Okawaru gifted it to you on level 2 of the Orcish Mines)
 22853 | D:12     | Found Foukhlui's General Store.
 22928 | D:12     | Found Tededgh's Antique Armour Shop.
 23025 | D:12     | Found Cocip's Food Emporium.
 23240 | D:12     | Found Diodwah's Antique Armour Shoppe.
 23397 | D:13     | Found Ecacycos's Food Boutique.
 23485 | D:13     | Received a gift from Okawaru
 24192 | D:14     | Received a gift from Okawaru
 24198 | D:14     | Got a dazzling executioner's axe {god gift}
 24199 | D:14     | Identified the +7 executioner's axe of Wariness {flame, +Inv} (Okawaru gifted it to you on level 14 of the Dungeon)
 24301 | D:14     | Reached XP level 15. HP: 103/137 MP: 15/15
 24340 | D:14     | Found a gate to the Vaults.
 24345 | D:14     | Reached skill level 10 in Armour
 24739 | D:14     | Received a gift from Okawaru
 25102 | D:2      | Killed Sigmund
 25621 | Swamp:1  | Entered Level 1 of the Swamp
 25778 | Swamp:1  | Reached skill level 18 in Axes
 26412 | Swamp:1  | Reached skill level 1 in Shields
 26753 | Swamp:1  | Received a gift from Okawaru
 26758 | Swamp:1  | Got a crude great mace {god gift}
 26759 | Swamp:1  | Identified the +5 great mace of the Present {speed, rPois Int+5 Dex-4} (Okawaru gifted it to you on level 1 of the Swamp)
 27707 | Swamp:2  | Noticed p0werm0de's ghost (journeyman MiBe)
 27722 | Swamp:2  | Killed p0werm0de's ghost
 27722 | Swamp:2  | Reached skill level 15 in Fighting
 27751 | Swamp:2  | Noticed a thorn hunter
 27761 | Swamp:2  | Killed a thorn hunter
 27761 | Swamp:2  | Received a gift from Okawaru
 27761 | Swamp:2  | Reached XP level 16. HP: 89/149 MP: 12/16
 28516 | Swamp:3  | Reached skill level 19 in Axes
 28772 | Swamp:3  | Identified the +1 robe of Qogufest {*Corrode Regen+ Int+7} (You found it on level 3 of the Swamp)
 28783 | Swamp:3  | Received a gift from Okawaru
 29243 | Swamp:4  | Entered Level 4 of the Swamp
 29255 | Swamp:4  | Received a gift from Okawaru
 29397 | Swamp:4  | HP: 4/149 [three-headed hydra (15)]
 29912 | Swamp:4  | Noticed Louise
 29913 | Swamp:4  | Received a gift from Okawaru
 29924 | Swamp:4  | Cast into level 3 of the Abyss (Louise)
 30191 | Abyss:3  | Reached skill level 20 in Axes
 30192 | Abyss:3  | Noticed a tentacled starspawn
 30203 | Abyss:3  | Killed a tentacled starspawn
 30206 | Abyss:3  | Received a gift from Okawaru
 30212 | Abyss:3  | HP: 7/151 [efreet/scimitar of flaming (1)]
 30213 | Abyss:3  | HP: 3/151 [efreet/fireball (11)]
 30214 | Abyss:3  | Killed from afar by an efreet

Skill      XL: |  1  2  3  4  5  6  7  8  9 10 11 12 13 14 15 16 |
---------------+-------------------------------------------------+-----
Axes           | 4 5 6 7 8 10 12 13 14 15 16 17 18 20 | 20.0
Armour         | 1 2 3 4 5 6 7 8 9 11 | 11.7
Fighting       | 3 4 6 7 9 10 11 12 13 15 | 15.8
Dodging        | 4 6 7 8 9 |  9.8
Stealth        | 1 2 3 4 |  4.0
Maces & Flails | 1 4 5 7 8 9 |  9.7
Throwing       | 4 5 |  5.9
Invocations    | 1 2 |  2.6
Bows           | 5 8 10 12 13 | 13.1
Shields        | 2 3 |  3.1
Polearms       | |  0.8

Action                   |  1- 3 |  4- 6 |  7- 9 | 10-12 | 13-15 | 16-18 || total
-------------------------+-------+-------+-------+-------+-------+-------++-------
Melee: War axe           |    90 |   123 |   315 |   180 |       |       ||   708
       Headbutt          |    14 |    22 |    68 |   106 |   167 |    54 ||   431
       Flail             |       |       |     9 |   212 |     9 |       ||   230
       Punch             |       |       |     3 |     2 |       |       ||     5
       Hand axe          |       |       |       |     6 |       |       ||     6
       Battleaxe         |       |       |       |    24 |   255 |       ||   279
       Dire flail        |       |       |       |       |   208 |    10 ||   218
       Halberd           |       |       |       |       |     9 |       ||     9
       Broad axe         |       |       |       |       |    39 |     2 ||    41
       Executioner's axe |       |       |       |       |   204 |   207 ||   411
       Great mace        |       |       |       |       |       |     4 ||     4
 Fire: Longbow           |       |       |       |   175 |   479 |    59 ||   713
Throw: Tomahawk          |       |     1 |    14 |     7 |     4 |       ||    26
       Javelin           |       |       |       |    26 |    38 |     6 ||    70
       Throwing net      |       |       |       |     6 |       |       ||     6
Invok: Heroism           |       |       |     5 |    11 |    21 |     3 ||    40
       Finesse           |       |       |       |       |     1 |       ||     1
  Use: Scroll            |       |     1 |     9 |     7 |    15 |     4 ||    36
       Potion            |       |       |     8 |     3 |     4 |     7 ||    22
 Stab: Sleeping          |     1 |       |       |     4 |       |       ||     5
       Petrified         |       |       |       |       |     6 |       ||     6
       Petrifying        |       |       |       |       |     1 |       ||     1
  Eat: Chunk             |     2 |     4 |    17 |    21 |    34 |     5 ||    83
       Meat ration       |       |     1 |       |       |     1 |     1 ||     3
       Royal jelly       |       |       |     1 |       |       |       ||     1
       Fruit             |       |       |       |       |     2 |       ||     2
Armor: Leather armour    |    21 |       |    36 |    61 |       |       ||   118
       Ring mail         |    11 |    37 |       |    27 |    18 |       ||    93
       Chain mail        |       |    19 |   122 |       |       |       ||   141
       Storm dragon scal |       |       |       |       |   400 |   122 ||   522
Dodge: Dodged            |    71 |    80 |   206 |   288 |   657 |   191 ||  1493
Block: Other             |    16 |    36 |    71 |    94 |   203 |    47 ||   467
       Reflection        |     2 |     2 |     4 |     1 |    26 |     1 ||    36
